 Dungeon Crawl Stone Soup version 0.29.1-2-gbd0b4ee654 (webtiles) character file.

Game seed: 13413062190101733447

44257 cdecastro the Cleaver (level 13, -7/107 HPs)
             Began as a Palentonga Fighter on Oct 30, 2022.
             Was a Believer of Ashenzari.
             Mangled by a red ugly thing (18 damage)
             ... on level 14 of the Dungeon on Oct 31, 2022.
             The game lasted 01:04:04 (20799 turns).

cdecastro the Cleaver (Palentonga Fighter)         Turns: 20799, Time: 01:04:05

Health: -7/107     AC: 31    Str: 28    XL:     13   Next: 95%
Magic:  13/13      EV: 12    Int:  8    God:    Ashenzari [**....]
Gold:   786        SH:  0    Dex: 13    Spells: 12/12 levels left

rFire   . . .      SeeInvis +   g - +3 battleaxe
rCold   + . .      Faith    .   (shield currently unavailable)
rNeg    . . .      Spirit   .   P - +0 steam dragon scales of Supernal Understanding {Bglg, Melee} (curse)
rPois   +          Reflect  .   (no helmet)
rElec   +          Harm     .   K - +2 cloak
rCorr   .          Rampage  .   U - +0 pair of gloves of the Elysian Negligence {Melee, Range} (curse)
Will    .....                   B - +6 lightning scales {swift, rElec}
Stlth   ..........              z - amulet of Ashenzari's Stars {Regen+, Melee, Cun} (curse)
HPRegen 1.07/turn               C - ring "Bampum" {rElec rC+ Str+4 SInv Stlth-}
MPRegen 0.13/turn               N - ring of poison resistance

@: curled up, quick
A: large, rugged brown scales 3, see invisible, deformed body, roll 1, armoured
tail, reflexive curl
a: Rolling Charge, Renounce Religion, Shatter the Chains


You were on level 14 of the Dungeon.
You worshipped Ashenzari.
Ashenzari was pleased with you.
You visited 2 branches of the dungeon, and saw 16 of its levels.
You also visited: Sewer and Ossuary.

You collected 961 gold pieces.
You spent 175 gold pieces at shops.

Inventory:

Hand Weapons
 g - a +3 battleaxe (weapon)
Missiles
 f - 58 poisoned darts (quivered)
 n - 2 boomerangs
 J - a throwing net
 R - 4 atropa-tipped darts
 W - 2 javelins
 Y - 6 silver boomerangs
 Z - 2 curare-tipped darts
Armour
 t - a +1 scale mail of fire resistance
 B - the +6 lightning scales (worn) {swift, rElec}
   (You acquired it in a sewer)

   It allows the wearer to cover ground more swiftly.
   rElec:     It insulates you from electricity.
 K - a +2 cloak (worn)
 L - the +1 plate armour of Eternal Vigilance {rF+ Will+}
   (You found it on level 5 of the Dungeon)

   rF:        It protects you from fire.
   Will:      It increases your willpower.
 M - a +0 cloak
 O - +0 acid dragon scales
 P - the cursed +0 steam dragon scales of Supernal Understanding (worn) {Bglg, Melee}
   (You found it on level 6 of the Dungeon)

   It has a curse which improves the following skills: Beguiling: Conjurations,
   Hexes and Translocations.
   Melee Combat: Short Blades, Long Blades, Axes, Maces & Flails, Polearms,
   Staves and Unarmed Combat.
 U - the cursed +0 pair of gloves of the Elysian Negligence (worn) {Melee, Range}
   (You found it on level 7 of the Dungeon)

   It has a curse which improves the following skills: Melee Combat: Short
   Blades, Long Blades, Axes, Maces & Flails, Polearms, Staves and Unarmed
   Combat.
   Ranged Combat: Ranged Weapons and Throwing.
 X - a +1 ring mail of poison resistance
Jewellery
 u - a +6 ring of dexterity
 v - a ring of positive energy
 z - the cursed amulet of Ashenzari's Stars (around neck) {Regen+, Melee, Cun}
   (You found it on level 10 of the Dungeon)

   [amulet of regeneration]

   Regen:     It increases your rate of health regeneration.
   It has a curse which improves the following skills: Melee Combat: Short
   Blades, Long Blades, Axes, Maces & Flails, Polearms, Staves and Unarmed
   Combat.
   Cunning:   Dodging and Stealth.
 A - a ring of resist corrosion
 C - the ring "Bampum" (left hand) {rElec rC+ Str+4 SInv Stlth-}
   (You took it off a kobold on level 4 of the Dungeon)

   [ring of protection from cold]

   Str:       It affects your strength (+4).
   rC:        It protects you from cold.
   rElec:     It insulates you from electricity.
   SInv:      It lets you see invisible.
   Stlth:     It makes you less stealthy.
 N - a ring of poison resistance (right hand)
 Q - a ring of flight
 S - an amulet of faith
Wands
 b - a wand of polymorph (5)
 e - a wand of roots (12)
 h - a wand of paralysis (19)
 p - a wand of flame (25)
 T - a wand of quicksilver (9)
Scrolls
 c - 2 scrolls of poison
 i - 7 scrolls of teleportation
 j - a scroll of immolation
 m - a scroll of amnesia
 s - 4 scrolls of enchant weapon
 x - 2 scrolls of enchant armour
 y - a scroll of brand weapon
 D - 2 scrolls of silence
 E - 2 scrolls of fear
 G - 2 scrolls of magic mapping
 H - a scroll of blinking
 I - a scroll of summoning
Potions
 d - 2 potions of might
 k - 5 potions of mutation
 l - 3 potions of flight
 o - 2 potions of haste
 q - 4 potions of curing
 r - 2 potions of brilliance
 w - 2 potions of cancellation
 F - a potion of resistance
 V - a potion of magic
Miscellaneous
 a - a lightning rod (4/4)


   Skills:
 + Level 8.9 Fighting
 - Level 13.8(16.2) Axes
 - Level 10.0 Armour
 - Level 8.7(10.0) Dodging
 - Level 3.3 Shields
 - Level 10.0 Evocations


You had 12 spell levels left.
You didn't know any spells.
Your spell library contained the following spells:

 Spells                   Type           Power      Damage    Failure   Level
 Magic Dart               Conj           0%         1d3       38%         1
 Poisonous Vapours        Pois/Air       0%         N/A       54%         2
 Scorch                   Fire           0%         2d5       54%         2
 Searing Ray              Conj           0%         2d4       54%         2
 Static Discharge         Conj/Air       0%         3-3/arc   54%         2
 Corpse Rot               Necr/Pois/Air  0%         N/A       99%         4
 Dispel Undead            Necr           0%         3d6       99%         4
 Flame Wave               Conj/Fire      0%         2d4       99%         4
 Fulminant Prism          Conj/Hex       0%         3d6       99%         4
 Sticky Flame             Conj/Fire      0%         2d3       99%         4
 Summon Cactus Giant      Summ           0%         N/A       100%        6


Dungeon Overview and Level Annotations

Branches:
Dungeon (15/15)            Temple (1/1) D:7            Lair (0/5) D:8
    Orc (0/2) D:11         Vaults (0/5) D:14          Sewer (visited)
Ossuary (visited)
 Depths: D:15

Altars:
Ashenzari
Cheibriados
Dithmenos
Elyvilon
Fedhas
Gozag
Hepliaklqana
Kikubaaqudgha
Makhleb
Nemelex Xobeh
Okawaru
Qazlal
Ru
Sif Muna
Trog
Uskayaw
Vehumet
Wu Jian
Xom
Yredelemnul
Zin
The Shining One

Shops:
D:11 :   D:13 =   D:15 ?

Annotations:
D:4 1 runed translucent door, lotum's ghost, novice DsIE
D:11 1 runed translucent door, bande's ghost, journeyman GrFi
D:13 1 runed translucent door


Innate Abilities, Weirdness & Mutations

You are completely covered in rugged brown scales. (AC +3, +7% HP)
You have supernaturally acute eyesight. (SInv)
Armour fits poorly on your strangely shaped body.
You can roll at nearby foes to attack.
You have a long armoured tail.
You curl defensively after being hit. (AC +7*)


Message History

You slash the red ugly thing! The red ugly thing misses you.
Unknown command.
You barely miss the red ugly thing.
The red ugly thing is heavily wounded.
You hit the red ugly thing. The red ugly thing closely misses you.
The red ugly thing barely misses you.
Unknown command.
You slice the red ugly thing!!
Your tail-slap misses the red ugly thing.
The red ugly thing is almost dead.
You hit the red ugly thing. The red ugly thing claws you.
* * * LOW HITPOINT WARNING * * *
You are engulfed in flames!
* * * LOW HITPOINT WARNING * * *
The red ugly thing barely misses you.
You hit the red ugly thing.
You tail-slap the red ugly thing, but do no damage.
The red ugly thing is almost dead.
You hit the red ugly thing.
The red ugly thing claws you but does no damage.
The red ugly thing stings you but does no damage.
Unknown command.
You slash the red ugly thing!
You kill the red ugly thing!
You slash the red ugly thing! The red ugly thing claws you!
* * * LOW HITPOINT WARNING * * *
You are engulfed in flames!
* * * LOW HITPOINT WARNING * * *
Your lightning rod (4/4) has regained one charge.
You slash the red ugly thing!
Your tail-slap misses the red ugly thing.
The red ugly thing is almost dead.
The red ugly thing claws you but does no damage.
Unknown command.
You closely miss the red ugly thing.
The red ugly thing is almost dead.
The red ugly thing claws you.
* * * LOW HITPOINT WARNING * * *
You are engulfed in flames!!
You die...

#####...####...# #..#
..#.........#..###..#
......#..#..........#
[.#...#.........##.##
...#.##.#.#......#.#
......#[...........#
...#..#...#........#
##...............†.#
#......#####)..@..#
##.............u..##
#.........[......##
............###.##
#...>..###.## #.#
##....#########.#
(............)..#
....#.###########
#####.#


You could see a red ugly thing.

Vanquished Creatures
  4 vault guards (D:14)
  2 hydras
  5 boulder beetles
  An ogre mage (D:15)
  7 centaur warriors
  9 two-headed ogres
  2 tengu warriors (D:15)
  Amaemon (D:10)
  2 wizards (D:14)
  A necromancer (D:14)
  A deep elf pyromancer (D:13)
  A deep elf zephyrmancer (D:15)
  4 cyclopes
  6 ugly things
  An orc sorcerer (D:15)
  An orange demon (D:10)
  A naga mage (D:15)
  2 gargoyles
  A komodo dragon (D:12)
  Maggie (D:6)
  A yaktaur (D:15)
  An unseen horror (D:12)
  A kobold demonologist (D:10)
  2 trolls
  2 ice devils (D:12)
  A hornet (D:10)
  2 meliai (D:15)
  A dream sheep (shapeshifter) (D:13)
  9 slime creatures
  2 wraiths
  Sigmund (D:6)
  A shadow (D:10)
  15 humans (D:14)
  A vampire (D:12)
  A wyvern (D:10)
  14 vampire mosquitoes
  3 yaks (D:11)
  2 steam dragons
  Menkaure (D:5)
  2 acid dragons
  A water moccasin (D:4)
  2 ice beasts
  12 orc warriors
  A sky beast (D:6)
  2 black bears
  A hornet zombie (D:6)
  Pargi (Sewer)
  5 ogres
  17 centaurs
  A phantom (D:5)
  10 kobold brigands
  6 necrophages
  4 bullfrogs
  4 gnoll sergeants
  4 scorpions
  A wyvern zombie (D:6)
  11 wights
  9 killer bees
  3 howler monkeys
  3 electric eels (D:8)
  5 centaur zombies
  2 bullfrog zombies (D:6)
  4 hounds
  2 jellies (D:6)
  A gnoll bouda (D:6)
  4 orc priests
  A human zombie (D:6)
  7 iguanas
  9 orc wizards
  6 mummies (Ossuary)
  28 gnolls
  13 adders
  2 river rats (D:5)
  2 white imps
  An ufetubus (D:4)
  5 worms
  39 orcs
  9 endoplasms
  3 giant cockroaches
  5 hobgoblins
  4 jackals (D:1)
  4 quokkas
  9 ball pythons
  7 bats
  5 frilled lizards
  5 goblins
  2 hobgoblin zombies (Ossuary)
  40 kobolds
  4 rats
442 creatures vanquished.

Vanquished Creatures (others)
  4 plants (D:8)
4 creatures vanquished.

Grand Total: 446 creatures vanquished

Notes
Turn   | Place    | Note
-------+----------+-------------------------------------------
     0 | D:1      | cdecastro the Palentonga Fighter began the quest for the
                  | Orb.
     0 | D:1      | Reached XP level 1. HP: 19/19 MP: 1/1
   178 | D:1      | Reached XP level 2. HP: 25/25 MP: 2/2
   193 | D:1      | Reached skill level 3 in Axes
   682 | D:2      | Reached XP level 3. HP: 31/31 MP: 3/3
   785 | D:2      | Found a faded altar of an unknown god.
  1039 | D:2      | Prayed at the altar of an unknown god.
  1039 | D:2      | Became a worshipper of Ashenzari the Shackled
  1100 | D:2      | Reached skill level 4 in Axes
  1878 | D:3      | Reached XP level 4. HP: 36/37 MP: 4/4
  2326 | D:3      | Reached * piety under Ashenzari
  2571 | D:3      | Found a stormy altar of Qazlal.
  2639 | D:3      | Found a blossoming altar of Fedhas.
  2701 | D:4      | Identified a scroll of acquirement
  3009 | D:4      | Noticed a water moccasin
  3032 | D:4      | Killed a water moccasin
  3033 | D:4      | Reached skill level 5 in Axes
  3033 | D:4      | Reached XP level 5. HP: 34/43 MP: 5/5
  3040 | D:4      | Reached skill level 6 in Axes
  3053 | D:4      | Identified the cursed +0 cloak "Prescient Omen" {Bglg,
                  | Fort} (You found it on level 3 of the Dungeon)
  3053 | D:4      | Identified the cursed +0 scale mail of Supernal Knowledge
                  | {Alch, Cun}
  3200 | D:4      | Found a runed translucent door.
  3200 | D:4      | Noticed lotum's ghost (novice DsIE)
  3465 | D:4      | Reached XP level 6. HP: 47/50 MP: 6/6
  3712 | D:4      | Reached ** piety under Ashenzari
  3778 | D:4      | Found a shimmering altar of Xom.
  3779 | D:4      | Identified the ring "Bampum" {rElec rC+ Str+4 SInv Stlth-}
  3934 | D:4      | Found a sparkling altar of Nemelex Xobeh.
  4020 | D:4      | Reached skill level 7 in Axes
  4674 | D:4      | Gained mutation: You curl defensively after being hit. (AC
                  | +7*) [Palentonga growth]
  4674 | D:4      | Reached XP level 7. HP: 20/55 MP: 7/7
  4898 | D:5      | Entered Level 5 of the Dungeon
  5121 | D:5      | Found a glowing drain.
  5126 | D:5      | Reached skill level 8 in Axes
  5138 | Sewer    | Entered a sewer
  5270 | Sewer    | Noticed Pargi
  5284 | Sewer    | Killed Pargi
  5370 | Sewer    | Acquired the +6 lightning scales {swift, rElec}
  5370 | Sewer    | Found the +6 lightning scales {swift, rElec}
  5443 | D:5      | Found a sand-covered staircase.
  5447 | Ossuary  | Entered an ossuary
  5615 | Ossuary  | Reached skill level 9 in Axes
  5638 | Ossuary  | Reached XP level 8. HP: 53/64 MP: 8/8
  5823 | D:5      | Identified the +1 plate armour of Eternal Vigilance {rF+
                  | Will+}
  6145 | D:5      | Reached skill level 10 in Axes
  6307 | D:5      | Found a shadowy altar of Dithmenos.
  6316 | D:5      | Found a glowing golden altar of the Shining One.
  6467 | D:6      | Noticed Maggie
  6467 | D:6      | Noticed Menkaure
  6477 | D:5      | Killed Menkaure
  6612 | D:6      | Killed Maggie
  6613 | D:6      | Reached skill level 11 in Axes
  6853 | D:6      | Reached XP level 9. HP: 69/69 MP: 9/9
  6982 | D:6      | Noticed Sigmund
  6989 | D:6      | Reached skill level 12 in Axes
  6995 | D:6      | Killed Sigmund
  7381 | D:6      | Found a shimmering blue altar of Sif Muna.
  7641 | D:6      | Reached skill level 13 in Axes
  7763 | D:6      | Found an ancient bone altar of Kikubaaqudgha.
  8503 | D:7      | Found a staircase to the Ecumenical Temple.
  8517 | Temple   | Entered the Ecumenical Temple
  8985 | D:7      | Found a broken altar of Ashenzari.
  9154 | D:8      | Noticed a two-headed ogre
  9164 | D:8      | Killed a two-headed ogre
  9165 | D:8      | Reached skill level 5 in Fighting
  9165 | D:8      | Reached XP level 10. HP: 82/82 MP: 10/10
  9628 | D:8      | Found a staircase to the Lair.
  9926 | D:8      | Reached *** piety under Ashenzari
 11708 | D:10     | Entered Level 10 of the Dungeon
 11774 | D:10     | Noticed Amaemon
 11788 | D:10     | Killed Amaemon
 11806 | D:10     | Noticed an orange demon
 11816 | D:10     | Killed an orange demon
 12184 | D:10     | Noticed a gargoyle
 12195 | D:10     | Killed a gargoyle
 12196 | D:10     | Reached XP level 11. HP: 75/93 MP: 11/11
 12602 | D:11     | Reached skill level 5 in Evocations
 12863 | D:11     | Found a runed translucent door.
 12863 | D:11     | Found a shimmering altar of Xom.
 12863 | D:11     | Noticed bande's ghost (journeyman GrFi)
 12863 | D:11     | Identified the Tractate on Captivating Blasting
 12864 | D:11     | Noticed a +0 flail of chaos
 12889 | D:11     | Found a staircase to the Orcish Mines.
 12934 | D:11     | HP: 4/93 [poisoned by a kobold brigand]
 14129 | D:11     | Noticed a boulder beetle
 14139 | D:11     | Killed a boulder beetle
 14222 | D:11     | Noticed a cyan ugly thing
 14229 | D:11     | Killed a cyan ugly thing
 14634 | D:11     | Found Covuir's Book Emporium.
 15414 | D:12     | Found a frozen archway.
 15753 | D:12     | Noticed a boulder beetle
 15779 | D:12     | HP: 4/93 [cyclops/large rock (24)]
 16141 | D:12     | Killed a boulder beetle
 16275 | D:12     | Reached skill level 10 in Evocations
 16364 | D:12     | Noticed a two-headed ogre
 16380 | D:12     | Killed a two-headed ogre
 16576 | D:12     | Reached XP level 12. HP: 61/100 MP: 12/12
 17091 | D:13     | Reached skill level 5 in Armour
 17496 | D:13     | Noticed an eight-headed hydra
 17496 | D:13     | Noticed a two-headed ogre
 17522 | D:13     | Killed an eight-headed hydra
 17522 | D:13     | Killed a two-headed ogre
 17645 | D:13     | Found Puvoyk's Jewellery Shop.
 17819 | D:13     | Found a runed translucent door.
 18089 | D:14     | Noticed a centaur warrior
 18102 | D:14     | Killed a centaur warrior
 18106 | D:14     | Noticed a centaur warrior
 18111 | D:14     | Killed a centaur warrior
 18111 | D:14     | Noticed a centaur warrior
 18152 | D:14     | Killed a centaur warrior
 18517 | D:14     | Noticed a two-headed ogre
 18527 | D:14     | Killed a two-headed ogre
 18528 | D:14     | Reached skill level 1 in Dodging
 18582 | D:14     | Noticed a boulder beetle
 18598 | D:14     | Killed a boulder beetle
 18629 | D:14     | Found a hide-covered altar of Uskayaw.
 18671 | D:14     | Noticed a centaur warrior
 18684 | D:14     | Killed a centaur warrior
 18836 | D:14     | Noticed a centaur warrior
 18846 | D:14     | Killed a centaur warrior
 18847 | D:14     | Noticed a boulder beetle
 18864 | D:14     | Killed a boulder beetle
 19031 | D:14     | Noticed a boulder beetle
 19055 | D:14     | Reached XP level 13. HP: 66/105 MP: 13/13
 19096 | D:14     | Reached skill level 5 in Dodging
 19930 | D:14     | Found a gate to the Vaults.
 20020 | D:14     | Found a blossoming altar of Fedhas.
 20127 | D:15     | Entered Level 15 of the Dungeon
 20472 | D:15     | Paralysed by an ogre mage for 3 turns
 20643 | D:15     | Found Yteycaom's Magic Scroll Boutique.
 20651 | D:15     | Bought a scroll of fear for 52 gold pieces
 20651 | D:15     | Bought a scroll of torment for 123 gold pieces
 20683 | D:14     | Reached skill level 10 in Armour
 20799 | D:14     | Mangled by a red ugly thing

Illustrated notes

Levels and vault maps discovered:
D:1:      minmay_arrival_radiant_lines, layout_rooms
D:2:      layout_rooms, hellmonk_ecumenical_altar_blasted
D:3:      layout_basic, mainiacjoe_overflow_alcove_1,
          mainiacjoe_overflow_alcove_2
D:4:      layout_basic, lemuel_tele_altar, nicolae_overflow_crystal_walls,
          ebering_ghost_sewer_d
D:5:      layout_loops_cross, mainiacjoe_overflow_swirl,
          lightli_sewer_entry_pipes, nicolae_ossuary_entry_false_entrances
D:6:      layout_layer_cave, lemuel_mausoleum_altar_kikubaaqudgha,
          mainiacjoe_overflow_brackets, kennysheep_generic_room_3, uniq_maggie,
          uniq_menkaure, uniq_sigmund
D:7:      layout_loops_cross, nicolae_ashenzari_skybound,
          minmay_temple_entry_stoned_glass, hangedman_decor_growths
D:8:      lemuel_ice_spiral_2, layout_basic, lair_entry_dummy,
          serial_bayou_lagoon_b
D:9:      layout_rooms, minivault_5
D:10:     layout_loops_ring, uniq_amaemon
D:11:     layout_long_grid, kennysheep_orc_monster_closet_entryway,
          ebering_ghost_xom, serial_shops, nicolae_take_the_stairs,
          serial_park_tiny_2
D:12:     layout_cave_pools, serial_column_ruins, column_ruins_hut_pillars,
          column_ruins_columns_corner, column_ruins_columns_water,
          column_ruins_grid_1, column_ruins_grid_4, column_ruins_corridor_plus,
          portal_ice_cave_demonic_guard
D:13:     layout_cave_pools, serial_shops, shop, minivault_13
D:14:     layout_loops_ring, grunt_vaults_entry_tiered,
          nicolae_uskayaw_dance_hall, hangedman_decor_lopped,
          fedhas_altar_fruit_tree
D:15:     grunt_enter_depths_magical_seal, layout_rooms, roderic_malta_cross,
          serial_shops, nicolae_shop_stone
Temple:   dshaligram_water_room_temple

Skill      XL: |  1  2  3  4  5  6  7  8  9 10 11 12 13 |
---------------+----------------------------------------+-----
Axes           | 3 4 5 6 7 9 11 13 | 13.8
Shields        | 3 |  3.3
Fighting       | 5 8 |  8.9
Armour         | 3 4 8 10 | 10.0
Evocations     | 4 10 | 10.0
Dodging        | 4 8 |  8.7

Action                   |  1- 3 |  4- 6 |  7- 9 | 10-12 | 13-15 || total
-------------------------+-------+-------+-------+-------+-------++-------
Melee: Dagger            |   143 |   135 |    97 |       |       ||   375
       Tailslap          |    15 |    23 |    58 |   117 |    46 ||   259
       War axe           |     1 |    21 |   280 |   153 |       ||   455
       Punch             |       |     1 |       |       |       ||     1
       Battleaxe         |       |       |       |   449 |   307 ||   756
Throw: Stone             |       |     4 |       |       |       ||     4
       Dart              |       |     4 |     2 |    13 |     9 ||    28
Invok: Curse Item        |     1 |     2 |     2 |     2 |       ||     7
       Shatter the Chain |       |       |     1 |     2 |     1 ||     4
 Abil: Rolling Charge    |       |       |     3 |    25 |    13 ||    41
Evoke: Wand              |       |       |       |     6 |     1 ||     7
       Lightning rod     |       |       |       |     4 |     4 ||     8
  Use: Potion            |       |     1 |     2 |     2 |       ||     5
       Scroll            |       |       |     1 |     3 |     3 ||     7
Armor: Scale mail        |    89 |    63 |    86 |       |       ||   238
       Skin              |       |    33 |       |       |       ||    33
       Plate armour      |       |       |    50 |       |       ||    50
       Steam dragon scal |       |       |    63 |   460 |   150 ||   673
Dodge: Dodged            |    56 |    44 |   100 |   223 |   114 ||   537
Block: Buckler           |       |    21 |    67 |    24 |       ||   112
